[Event "November 21 Late 2023"]
[Site "https://www.chess.com"]
[Date "2023.11.21"]
[Round "4"]
[White "Hambleton, Aman"]
[Black "aghasiyevkamal"]
[Result "0-1"]
[Board "25"]
[TimeControl "180+1"]
[WhiteFideId "2606577"]
[WhiteElo "2511"]
[BlackElo "2572"]
[WhiteTeam "CAN"]
[WhiteClock "0:00:00"]
[BlackClock "0:00:07"]

1. d4 d5 2. Bf4 Nf6 3. e3 e6 4. Nf3 Bd6 5. Nbd2 O-O 6. Bd3 b6 7. O-O Ba6 8. Bxa6 Nxa6 9. Qe2 Qc8 10. Bg5 Ne4 11. Nxe4 dxe4 12. Nd2 f5 13. f3 exf3 14. Nxf3 c5 15. c3 Nc7 16. e4 Qa6 17. Qc2 Rae8 18. Rfe1 h6 19. Bh4 fxe4 20. Rxe4 Nd5 21. Bf2 Nf4 22. Bg3 Nh3+ 23. Kh1 Bxg3 24. hxg3 Qd3 25. Qxd3 Nf2+ 26. Kg1 Nxd3 27. Re2 cxd4 28. Nxd4 e5 29. Nc6 e4 30. Rd1 a5 31. Nd4 Re5 32. Nc2 Nxb2 33. Rb1 Nc4 34. Rbe1 Rfe8 35. Nd4 Kh7 36. Kh2 b5 37. g4 b4 38. cxb4 axb4 39. Nc6 Rb5 40. Rxe4 Rxe4 41. Rxe4 Nd6 42. Rxb4 Rc5 43. Nd4 Ra5 44. a4 Nf7 45. Nb3 Ra7 46. a5 Ne5 47. Kg3 Nc6 48. Ra4 Rb7 49. Nc5 Rb5 50. Nd7 Rxa5 51. Rc4 Ne5 52. Nf8+ Kg8 53. Rc8 Kf7 54. Nh7 Ra3+ 55. Kf4 Ng6+ 56. Ke4 Ra4+ 57. Kf3 Ne5+ 58. Ke2 Nxg4 59. Nf8 Nf6 0-1

[Event "November 21 Late 2023"]
[Site "https://www.chess.com"]
[Date "2023.11.21"]
[Round "4"]
[White "Martinez Alcantara, Jose Eduardo"]
[Black "De La Colina, Nicolas"]
[Result "1-0"]
[Board "26"]
[TimeControl "180+1"]
[WhiteFideId "3805662"]
[BlackFideId "30946921"]
[WhiteElo "2703"]
[BlackElo "2088"]
[WhiteTeam "PER"]
[BlackTeam "USA"]
[WhiteClock "0:01:22"]
[BlackClock "0:00:00"]

1. e4 c5 2. Nf3 Nc6 3. c3 Nf6 4. Bd3 Qc7 5. h3 d5 6. exd5 Nxd5 7. O-O g6 8. Bc4 Nb6 9. Bb5 Bg7 10. d4 cxd4 11. cxd4 O-O 12. Be3 a6 13. Bxc6 Qxc6 14. Nbd2 Be6 15. Re1 Rac8 16. Bg5 Rfe8 17. Ne4 Bd5 18. Rc1 Qa4 19. Rxc8 Rxc8 20. Qxa4 Nxa4 21. b3 Nc3 22. Nxc3 Rxc3 23. Rxe7 h6 24. Re8+ Kh7 25. Be3 Rc2 26. Rd8 Bxf3 27. gxf3 Rxa2 28. Rd7 b5 29. Rxf7 Rb2 30. d5 Kg8 31. Ra7 Rxb3 32. d6 Rd3 33. d7 Bf6 34. Rxa6 Kf7 35. Ra7 Ke6 36. Ra6+ Rd6 37. Ra5 h5 38. Rxb5 Rxd7 39. Kg2 Kf7 40. f4 Re7 41. Kf3 Rd7 42. Ra5 Rb7 43. f5 gxf5 44. Rxf5 Kg6 45. Ra5 Rf7 46. Ra6 Kh7 47. Ke4 Bg7 48. f4 Re7+ 49. Kf3 Rf7 50. Re6 Bh6 51. Ke4 Kg7 52. Bd4+ Kh7 53. f5 Bg5 54. Be5 Ra7 55. Re8 1-0

[Event "November 21 Late 2023"]
[Site "https://www.chess.com"]
[Date "2023.11.21"]
[Round "4"]
[White "Nihal Sarin"]
[Black "Janaszak, Dawid"]
[Result "1-0"]
[Board "27"]
[TimeControl "180+1"]
[WhiteFideId "25092340"]
[BlackFideId "1119206"]
[WhiteElo "2689"]
[BlackElo "2218"]
[WhiteTeam "IND"]
[BlackTeam "POL"]
[WhiteClock "0:03:05"]
[BlackClock "0:00:02"]

1. Nf3 g6 2. e3 Bg7 3. d4 Nf6 4. b3 O-O 5. Bb2 d6 6. Be2 Nbd7 7. O-O e5 8. dxe5 Ng4 9. c4 Ngxe5 10. Nc3 Nxf3+ 11. Bxf3 Ne5 12. Be2 Bf5 13. Rc1 Re8 14. Qd2 Qh4 15. Nb5 Re7 16. f4 Nc6 17. Bxg7 Kxg7 18. Nc3 Be4 19. g3 Qh3 20. Bf3 Bxf3 21. Rxf3 Qf5 22. Nd5 Rd7 23. Qc3+ f6 24. e4 Qe6 25. Re1 Ne7 26. Rfe3 c6 27. Nb4 Re8 28. Nc2 Ng8 29. Nd4 Qf7 30. Nf3 h6 31. e5 dxe5 32. fxe5 Rde7 33. Qd4 fxe5 34. Qxa7 e4 35. Qd4+ Qf6 36. Qxf6+ Nxf6 37. Nd2 Rd8 38. Nxe4 Rde8 39. Nxf6 Rxe3 40. Nxe8+ 1-0

[Event "November 21 Late 2023"]
[Site "https://www.chess.com"]
[Date "2023.11.21"]
[Round "4"]
[White "ArtemDyachuk"]
[Black "Andreikin, Dmitry"]
[Result "0-1"]
[Board "28"]
[TimeControl "180+1"]
[BlackFideId "4158814"]
[WhiteElo "2575"]
[BlackElo "2741"]
[BlackTeam "FID"]
[WhiteClock "0:00:00"]
[BlackClock "0:00:47"]

1. e4 e5 2. Nf3 Nc6 3. Bc4 Bc5 4. c3 Nf6 5. d3 d6 6. O-O a6 7. Bb3 Ba7 8. Bg5 h6 9. Bh4 g5 10. Bg3 Qe7 11. Re1 Bg4 12. Nbd2 Nh5 13. Nf1 Nf4 14. Ne3 h5 15. Bxf4 gxf4 16. Nd5 Qd8 17. h3 Rh6 18. Kf1 Be6 19. d4 Qd7 20. Qd3 O-O-O 21. Rad1 Rg8 22. Ba4 b5 23. Bc2 Rhg6 24. Nh4 Rxg2 25. Nf6 Bxh3 26. Nxd7 R2g3+ 27. Ke2 Rxd3 28. Bxd3 Bxd7 29. d5 Ne7 30. Rg1 Bg4+ 31. Nf3 f5 32. a4 Nxd5 33. axb5 Nf6 34. b6 Bxb6 35. Bxa6+ Kd8 0-1

[Event "November 21 Late 2023"]
[Site "https://www.chess.com"]
[Date "2023.11.21"]
[Round "4"]
[White "Erigaisi Arjun"]
[Black "WindWhistler11"]
[Result "1-0"]
[Board "29"]
[TimeControl "180+1"]
[WhiteFideId "35009192"]
[WhiteElo "2729"]
[BlackElo "2566"]
[WhiteTeam "IND"]
[WhiteClock "0:01:51"]
[BlackClock "0:00:19"]

1. b3 Nf6 2. Bb2 e6 3. Nf3 d5 4. g3 g6 5. Bg2 Bg7 6. O-O O-O 7. c4 b6 8. Nc3 Bb7 9. d4 Na6 10. Rc1 dxc4 11. bxc4 c5 12. e3 Rc8 13. Nb5 Nb4 14. a3 Nc6 15. d5 exd5 16. Bxf6 Qxf6 17. cxd5 Ne7 18. e4 a6 19. e5 Qf5 20. Nd6 Qd7 21. Nxb7 Qxb7 22. d6 Nf5 23. Re1 Qd7 24. Bh3 Rfe8 25. Qd3 b5 26. Bxf5 gxf5 27. Nh4 Rxe5 28. Rxe5 Bxe5 29. Nxf5 Kh8 30. Re1 Re8 31. Nh6 Re6 32. Qf5 Kg7 33. Rxe5 Qxd6 34. Qxf7+ Kxh6 35. Rh5# 1-0

[Event "November 21 Late 2023"]
[Site "https://www.chess.com"]
[Date "2023.11.21"]
[Round "4"]
[White "Tikhonov, Viacheslav"]
[Black "Firouzja, Alireza"]
[Result "0-1"]
[Board "30"]
[TimeControl "180+1"]
[WhiteFideId "44196407"]
[BlackFideId "12573981"]
[WhiteElo "2191"]
[BlackElo "2896"]
[WhiteTeam "RUS"]
[BlackTeam "FRA"]
[WhiteClock "0:00:00"]
[BlackClock "0:00:40"]

1. e4 a6 2. d4 c6 3. c4 d5 4. cxd5 cxd5 5. e5 Nc6 6. Nc3 Bf5 7. Nf3 e6 8. Bd3 Nge7 9. O-O Bg4 10. Be2 Nf5 11. Be3 Qb6 12. Na4 Qa7 13. Rc1 Bxf3 14. Bxf3 Ncxd4 15. Bg4 Nxe3 16. fxe3 Nc6 17. Qf3 Nxe5 18. Qf4 Bd6 19. Qg5 Nxg4 20. Qxg4 Qxe3+ 21. Kh1 O-O 22. Rc3 Qe4 23. Qxe4 dxe4 24. Nb6 Rad8 25. g4 f5 26. Nc4 Bc5 27. Ne5 Bd4 0-1

[Event "November 21 Late 2023"]
[Site "https://www.chess.com"]
[Date "2023.11.21"]
[Round "4"]
[White "Ozates, Tuna"]
[Black "Hakobyan, Aram"]
[Result "0-1"]
[Board "31"]
[TimeControl "180+1"]
[WhiteFideId "6354521"]
[BlackFideId "13306677"]
[WhiteElo "2151"]
[BlackElo "2584"]
[WhiteTeam "TUR"]
[BlackTeam "ARM"]
[WhiteClock "0:00:01"]
[BlackClock "0:00:25"]

1. e4 e5 2. Nf3 Nc6 3. Bc4 Nf6 4. d3 d5 5. exd5 Nxd5 6. O-O Bg4 7. Re1 Be7 8. h3 Bh5 9. g4 Bg6 10. Nxe5 Nxe5 11. Rxe5 Nb6 12. Bb3 O-O 13. Nc3 Kh8 14. Qe1 Bd6 15. Re2 f5 16. g5 Bh5 17. f4 Bxe2 18. Qxe2 Qd7 19. Be3 Rae8 20. Qf2 c5 21. Rf1 Qc6 22. Ne2 Re7 23. Ng3 c4 24. Bxb6 cxb3 25. Bd4 Qxc2 26. axb3 Qxd3 27. Bxa7 Qxb3 28. Bd4 Kg8 29. h4 Qd5 30. h5 Rd7 31. Be3 Re8 32. Kh2 b6 33. Re1 Rde7 34. Nf1 Re4 35. Kg3 Qe6 36. h6 gxh6 37. gxh6 Qxh6 38. Nh2 Rxe3+ 39. Rxe3 Bxf4+ 40. Qxf4 Rxe3+ 41. Nf3 Qxf4+ 42. Kxf4 Rb3 43. Kxf5 Rxb2 44. Ng5 Rb5+ 45. Kf6 Rxg5 0-1

[Event "November 21 Late 2023"]
[Site "https://www.chess.com"]
[Date "2023.11.21"]
[Round "4"]
[White "Bortnyk, Olexandr"]
[Black "Pinheiro, Iung Alicio de O."]
[Result "1-0"]
[Board "32"]
[TimeControl "180+1"]
[WhiteFideId "14120828"]
[BlackFideId "2104350"]
[WhiteElo "2725"]
[BlackElo "2283"]
[WhiteTeam "UKR"]
[BlackTeam "BRA"]
[WhiteClock "0:01:13"]
[BlackClock "0:00:16"]

1. d4 Nf6 2. Nc3 d5 3. Bf4 g6 4. e3 Bg7 5. h4 h5 6. Nf3 O-O 7. Qd2 c5 8. Ne5 cxd4 9. exd4 Nc6 10. f3 Bf5 11. Bb5 Qb6 12. Bxc6 bxc6 13. Na4 Qa6 14. b3 Nd7 15. Nxd7 Bxd7 16. Nc5 Qc8 17. O-O-O Kh7 18. Rhe1 Re8 19. a4 f6 20. g4 e5 21. dxe5 fxe5 22. Bg5 hxg4 23. h5 gxh5 24. Rh1 Kg6 25. Rdg1 Bf5 26. fxg4 hxg4 27. Bh6 Bf6 28. Qh2 Kf7 29. Rf1 Rg8 30. Qh5+ Bg6 31. Rxf6+ Kxf6 32. Qg5+ Kf7 33. Rf1+ Ke8 34. Qxe5+ Kd8 35. Bg5# 1-0

[Event "November 21 Late 2023"]
[Site "https://www.chess.com"]
[Date "2023.11.21"]
[Round "4"]
[White "Paravyan, David"]
[Black "Gavrilov, Maxim"]
[Result "1-0"]
[Board "33"]
[TimeControl "180+1"]
[WhiteFideId "4194985"]
[BlackFideId "24271454"]
[WhiteElo "2566"]
[BlackElo "2157"]
[WhiteTeam "FID"]
[BlackTeam "RUS"]
[WhiteClock "0:01:45"]
[BlackClock "0:00:00"]

1. e4 c5 2. Nf3 d6 3. d4 cxd4 4. Nxd4 Nf6 5. Nc3 a6 6. f3 e5 7. Nb3 Be6 8. Be3 Be7 9. Qd2 O-O 10. O-O-O Nbd7 11. g4 b5 12. g5 b4 13. gxf6 bxc3 14. Qxc3 Nxf6 15. Na5 Rc8 16. Nc6 Qe8 17. Nxe7+ Qxe7 18. Qa5 Rc6 19. b3 Rfc8 20. Rd2 d5 21. Bd3 dxe4 22. fxe4 Ng4 23. Bg1 Qg5 24. Kb2 h5 25. Re2 Qf4 26. Ba7 R8c7 27. Bb6 Rb7 28. Bc5 Rbc7 29. Bb6 Rb7 30. Bc5 Rbc7 31. b4 Rb7 32. a3 Qf3 33. Rhe1 Nf6 34. Rf2 Qh3 35. Rxf6 gxf6 36. Qd8+ Kh7 37. Rg1 Rc8 38. Qxf6 Bg4 39. Qxe5 Qf3 40. Rf1 Qg2 41. Rf2 Qg1 42. Rxf7+ Rxf7 43. Bxg1 1-0

[Event "November 21 Late 2023"]
[Site "https://www.chess.com"]
[Date "2023.11.21"]
[Round "4"]
[White "Sarana, Alexey"]
[Black "Jovic, Stanoje"]
[Result "1-0"]
[Board "34"]
[TimeControl "180+1"]
[WhiteFideId "24133795"]
[BlackFideId "905020"]
[WhiteElo "2707"]
[BlackElo "2249"]
[WhiteTeam "SRB"]
[BlackTeam "SRB"]
[WhiteClock "0:02:16"]
[BlackClock "0:00:00"]

1. d4 Nf6 2. c4 e6 3. Nc3 Bb4 4. Qc2 O-O 5. a3 Bxc3+ 6. Qxc3 d5 7. cxd5 exd5 8. Bg5 c6 9. e3 h6 10. Bh4 Bf5 11. Ne2 a5 12. f3 Re8 13. g4 Bg6 14. Rg1 Nbd7 15. g5 hxg5 16. Bxg5 a4 17. Nf4 Nf8 18. h4 c5 19. h5 cxd4 20. Qxd4 Qa5+ 21. Kf2 Nxh5 22. Nxh5 Ne6 23. Qh4 Qd2+ 24. Be2 d4 25. e4 Qxb2 26. Nf6+ gxf6 27. Bxf6 Ng7 28. Rh1 Nh5 29. Qxh5 1-0

[Event "November 21 Late 2023"]
[Site "https://www.chess.com"]
[Date "2023.11.21"]
[Round "4"]
[White "Vafin, Ayrat"]
[Black "Galchenko, Matvey"]
[Result "0-1"]
[Board "35"]
[TimeControl "180+1"]
[WhiteFideId "4146530"]
[BlackFideId "24175480"]
[WhiteElo "2317"]
[BlackElo "2406"]
[WhiteTeam "RUS"]
[BlackTeam "FID"]
[WhiteClock "0:00:00"]
[BlackClock "0:00:28"]

1. Nf3 c5 2. g3 g6 3. Bg2 Bg7 4. d4 cxd4 5. Nxd4 Nc6 6. Nxc6 bxc6 7. c4 Rb8 8. Qc2 d5 9. O-O e6 10. cxd5 cxd5 11. Nc3 Ne7 12. Bf4 e5 13. Bg5 f6 14. Bd2 O-O 15. e3 Be6 16. Na4 Qd6 17. Qc5 Qd7 18. Bb4 Nf5 19. Qa5 Rb5 20. Nc5 Qc6 21. Qa3 Bf7 22. Nb3 Rfb8 23. Bc3 Qb6 24. Rad1 Nd6 25. Ba5 Qc6 26. Rc1 Nc4 27. Qa4 Qa6 28. Rfd1 Nxa5 29. Nc5 Qd6 30. b4 Nc6 31. Na6 R8b6 0-1

[Event "November 21 Late 2023"]
[Site "https://www.chess.com"]
[Date "2023.11.21"]
[Round "4"]
[White "Elsa167"]
[Black "Pinto, Daniel"]
[Result "1-0"]
[Board "36"]
[TimeControl "180+1"]
[BlackFideId "3303144"]
[WhiteElo "2945"]
[BlackElo "2149"]
[BlackTeam "BOL"]
[WhiteClock "0:00:29"]
[BlackClock "0:00:00"]

1. Nc3 e5 2. e4 Nc6 3. Bc4 Nf6 4. d3 Bb4 5. Ne2 d5 6. exd5 Nxd5 7. O-O Bxc3 8. bxc3 O-O 9. Bd2 Be6 10. Bb3 Qd7 11. Ng3 f5 12. Re1 Rae8 13. Ba4 Bf7 14. f3 a6 15. c4 Nde7 16. Bc3 Qd6 17. Bxc6 Nxc6 18. Nxf5 Qc5+ 19. Kh1 b5 20. cxb5 axb5 21. Qd2 Ra8 22. h3 Be6 23. Ng3 Rxa2 24. Ne4 Qe7 25. Rxa2 Bxa2 26. Bb2 Be6 27. Qc3 Nd4 28. Qd2 Qh4 29. Bxd4 Bxh3 30. Bf2 Qh5 31. Qg5 Bxg2+ 32. Kxg2 Qxf3+ 33. Kg1 h6 34. Qg2 Qh5 35. Bg3 1-0

[Event "November 21 Late 2023"]
[Site "https://www.chess.com"]
[Date "2023.11.21"]
[Round "4"]
[White "Chigaev, Maksim"]
[Black "Sanchez Alvares, Kelvin Antonio"]
[Result "1-0"]
[Board "37"]
[TimeControl "180+1"]
[WhiteFideId "4108116"]
[BlackFideId "3906680"]
[WhiteElo "2561"]
[BlackElo "2217"]
[WhiteTeam "ESP"]
[BlackTeam "VEN"]
[WhiteClock "0:02:42"]
[BlackClock "0:02:12"]

1. d4 Nf6 2. c4 e6 3. g3 c5 4. Nf3 b6 5. d5 Bb7 6. Nc3 b5 7. dxe6 fxe6 8. Nxb5 d5 9. Bf4 Na6 10. Qa4 Qd7 11. Ne5 1-0

[Event "November 21 Late 2023"]
[Site "https://www.chess.com"]
[Date "2023.11.21"]
[Round "4"]
[White "Elgersma, Onno"]
[Black "Gholami Orimi, Mahdi"]
[Result "0-1"]
[Board "38"]
[TimeControl "180+1"]
[WhiteFideId "1053531"]
[BlackFideId "12558486"]
[WhiteElo "2251"]
[BlackElo "2331"]
[WhiteTeam "NED"]
[BlackTeam "IRI"]
[WhiteClock "0:00:02"]
[BlackClock "0:00:11"]

1. g3 Nf6 2. Bg2 d5 3. Nf3 e6 4. O-O b5 5. d4 Be7 6. a4 b4 7. c4 bxc3 8. Nxc3 O-O 9. Bf4 c6 10. Rc1 Nbd7 11. Ne5 Nxe5 12. Bxe5 Ba6 13. Re1 Qb6 14. Qd2 h6 15. Red1 Ng4 16. Bf4 g5 17. a5 Qb3 18. h3 Nxf2 19. Kxf2 gxf4 20. gxf4 Kh7 21. Bf3 Bh4+ 22. Ke3 Rab8 23. Qc2+ f5 24. Rg1 Qxb2 25. Qxb2 Rxb2 26. Na4 Rb3+ 27. Kd2 Bf2 28. Nc5 Be3+ 29. Kc2 Ra3 30. Nxa6 Bxd4 31. Rgd1 Be3 32. Rb1 Rxa5 33. Rb7+ Kg6 34. Nc7 Kf6 35. Bh5 Bxf4 36. Ne8+ Ke5 37. Re1 Be3 38. Reb1 Ra2+ 39. Kd3 f4 40. Ng7 c5 41. Re7 c4+ 42. Kc3 Bd2# 0-1

[Event "November 21 Late 2023"]
[Site "https://www.chess.com"]
[Date "2023.11.21"]
[Round "4"]
[White "Tang, Andrew"]
[Black "Prithu Gupta"]
[Result "1-0"]
[Board "39"]
[TimeControl "180+1"]
[WhiteFideId "2059630"]
[BlackFideId "46618546"]
[WhiteElo "2589"]
[BlackElo "2344"]
[WhiteTeam "USA"]
[BlackTeam "IND"]
[WhiteClock "0:00:39"]
[BlackClock "0:00:01"]

1. d4 Nf6 2. c4 e6 3. Nc3 d5 4. cxd5 exd5 5. Bg5 Be7 6. e3 O-O 7. Bd3 c6 8. Qc2 Nbd7 9. Nge2 Re8 10. O-O Nf8 11. f3 b5 12. e4 b4 13. Na4 dxe4 14. fxe4 Nxe4 15. Bxe4 Bxg5 16. Bxc6 Qc7 17. Bxe8 Qxc2 18. Bxf7+ Kh8 19. Bb3 Qf5 20. Ng3 Be3+ 21. Kh1 Qxf1+ 22. Rxf1 Ba6 23. Rd1 Rd8 24. Nc5 Bc8 25. Ne2 Bg4 26. Rd3 Bg5 27. Ng3 Bf6 28. h3 Bc8 29. d5 Ng6 30. Nge4 Nf4 31. Rd1 Bxb2 32. d6 Ng6 33. d7 Bxd7 1-0

[Event "November 21 Late 2023"]
[Site "https://www.chess.com"]
[Date "2023.11.21"]
[Round "4"]
[White "Khamrakulov, Djurabek"]
[Black "Van Dael, Siem"]
[Result "0-1"]
[Board "40"]
[TimeControl "180+1"]
[WhiteFideId "14201143"]
[BlackFideId "1049771"]
[WhiteElo "2535"]
[BlackElo "2252"]
[WhiteTeam "UZB"]
[BlackTeam "NED"]
[WhiteClock "0:00:00"]
[BlackClock "0:00:06"]

1. d4 Nf6 2. Nf3 g6 3. g3 Bg7 4. Bg2 O-O 5. O-O d6 6. c4 Bf5 7. Nc3 Ne4 8. Nd2 Nxc3 9. bxc3 Bc8 10. Rb1 c6 11. a4 Na6 12. Ba3 Rb8 13. e3 Bf5 14. Rb3 Qa5 15. Qe2 Bc2 16. Bb4 Nxb4 17. Rxb4 c5 18. Rxb7 Rxb7 19. Bxb7 Qxc3 20. Be4 cxd4 21. Nb1 Bxb1 22. Rxb1 dxe3 23. fxe3 Qa3 24. Bc6 Qc5 25. Be4 e6 26. Kg2 Bh6 27. Rb3 Rc8 28. Bd3 Qxe3 29. Qxe3 Bxe3 30. Rb7 Bb6 31. Kf3 Kg7 32. h4 h5 33. Ke4 Kf6 34. Be2 Rc5 35. Rd7 Re5+ 36. Kd3 Re3+ 37. Kd2 Rxg3 38. Rxd6 Ke7 39. c5 Bxc5 40. Rc6 Bb6 41. Rc4 Ra3 42. Bd3 f5 43. Rc6 Rxa4 44. Bc4 Kd7 45. Bb5 Rd4+ 46. Kc3 Ke7 47. Rxb6 axb6 48. Kxd4 Kf6 49. Bc6 e5+ 50. Kd5 e4 51. Kd4 g5 52. hxg5+ Kxg5 53. Ke3 Kg4 54. Kf2 h4 55. Bb5 h3 56. Bf1 f4 57. Bb5 e3+ 58. Kg1 Kg3 59. Bf1 h2+ 60. Kh1 Kf2 61. Bb5 e2 0-1

[Event "November 21 Late 2023"]
[Site "https://www.chess.com"]
[Date "2023.11.21"]
[Round "4"]
[White "ciutadella"]
[Black "Yeletsky, Ivan"]
[Result "0-1"]
[Board "41"]
[TimeControl "180+1"]
[BlackFideId "24180327"]
[WhiteElo "2531"]
[BlackElo "2358"]
[BlackTeam "RUS"]
[WhiteClock "0:00:08"]
[BlackClock "0:00:09"]

1. Nf3 b6 2. g3 c5 3. Bg2 Bb7 4. O-O g6 5. d3 d5 6. c4 dxc4 7. dxc4 Nd7 8. Qa4 Qc8 9. Rd1 Bg7 10. Nc3 Bc6 11. Qc2 Ngf6 12. Nd5 e6 13. Nxf6+ Nxf6 14. Bg5 h6 15. Bxf6 Bxf6 16. Rd2 O-O 17. Rad1 Rb8 18. Ne1 Be8 19. b3 Kg7 20. Nd3 Qc7 21. Nf4 Qe5 22. e3 a6 23. Be4 b5 24. Bg2 bxc4 25. Qxc4 Bb5 26. Qe4 Qxe4 27. Bxe4 c4 28. bxc4 Bxc4 29. Rd7 Rbd8 30. Nxg6 Rxd7 31. Rxd7 Rd8 32. Ra7 Rd1+ 33. Kg2 Bc3 34. Nf4 Be1 35. Nh5+ Kf8 36. Nf4 Rd2 37. Nh3 Rxa2 38. g4 Bd2 39. Kg3 a5 40. Nf4 Bb4 41. h4 Be1 42. Nh3 a4 43. g5 hxg5 44. hxg5 a3 45. g6 fxg6 46. Ng5 Bxf2+ 47. Kf4 e5+ 48. Kxe5 Bxe3 49. Rf7+ Bxf7 50. Nxf7 Ke7 51. Nd6 Bc1 52. Nc4 Ra1 53. Nxa3 Bxa3 54. Kd4 Bb2+ 55. Kd3 Rg1 56. Ke3 Bf6 57. Kf2 Ra1 58. Kf3 Ra3+ 59. Kf4 Kd6 60. Bxg6 Ra4+ 61. Be4 Ke6 62. Ke3 Ke5 0-1

[Event "November 21 Late 2023"]
[Site "https://www.chess.com"]
[Date "2023.11.21"]
[Round "4"]
[White "D`Arruda, Ricardo D."]
[Black "Stoyanov, Tsvetan"]
[Result "1/2-1/2"]
[Board "42"]
[TimeControl "180+1"]
[WhiteFideId "100692"]
[BlackFideId "2917173"]
[WhiteElo "2529"]
[BlackElo "2390"]
[WhiteTeam "ARG"]
[BlackTeam "BUL"]
[WhiteClock "0:00:06"]
[BlackClock "0:00:07"]

1. d4 d5 2. Nf3 Nf6 3. g3 Bf5 4. Bg2 e6 5. O-O c6 6. Nh4 Nbd7 7. Nxf5 exf5 8. c4 dxc4 9. Qc2 g6 10. Qxc4 Bg7 11. Nc3 Nb6 12. Qb3 O-O 13. Bf4 Qxd4 14. Rfd1 Qc4 15. Qa3 Ne4 16. Qe7 Bxc3 17. bxc3 Nd5 18. Qxb7 Nexc3 19. Bxd5 cxd5 20. Bh6 Rfb8 21. Qe7 Nxe2+ 22. Kf1 Nxg3+ 23. Kg1 Nh5 24. Rac1 Qg4+ 25. Kh1 Re8 26. Qb7 Qf3+ 27. Kg1 Rab8 28. Qxa7 Nf6 29. Qd4 Re6 30. Re1 Qg4+ 31. Qxg4 Nxg4 32. Bf4 Ra8 33. f3 Nf6 34. Be5 Rxa2 35. Rc8+ Kg7 36. f4 Kh6 37. Rc7 Ng4 38. Rxf7 Nxe5 39. fxe5 Ra4 40. Re3 Rg4+ 41. Kf2 Rf4+ 42. Kg2 Re4 43. Rh3+ Kg5 44. Rhxh7 R6xe5 45. Rhg7 Re2+ 46. Kf1 Rxh2 47. Rd7 Re6 48. Rxd5 Rh4 49. Rgd7 Rf4+ 50. Kg2 Rg4+ 51. Kf3 Ree4 52. R5d6 Ref4+ 53. Ke2 Kh5 54. Rh7+ Kg5 55. Rg7 Kh4 56. Rgxg6 Re4+ 57. Kf3 Rgf4+ 58. Kg2 Re2+ 59. Kg1 Rc4 60. Rh6+ Kg3 61. Rdg6+ Kf3 62. Rh3+ Ke4 63. Rh4+ f4 64. Kh1 Rc1+ 65. Rg1 Rcc2 66. Rh8 Kf3 67. Rh3+ Ke4 68. Rh8 f3 69. Re8+ Kf4 70. Rf8+ Ke3 71. Re8+ Kf2 72. Rf8 Rc4 73. Rh8 Rf4 74. Rh2+ Ke3 75. Rh3 Kd2 76. Rf1 f2 77. Kg2 Rf5 78. Rg3 Re1 79. Rxf2+ Rxf2+ 80. Kxf2 Re2+ 81. Kf3 Re3+ 82. Kg4 Rxg3+ 83. Kxg3 1/2-1/2

[Event "November 21 Late 2023"]
[Site "https://www.chess.com"]
[Date "2023.11.21"]
[Round "4"]
[White "Szpar, Milosz"]
[Black "Baches Garcia, Guillermo"]
[Result "1-0"]
[Board "43"]
[TimeControl "180+1"]
[WhiteFideId "1184989"]
[BlackFideId "2209764"]
[WhiteElo "2446"]
[BlackElo "2531"]
[WhiteTeam "POL"]
[BlackTeam "ESP"]
[WhiteClock "0:00:07"]
[BlackClock "0:00:00"]

1. Nf3 d5 2. e3 Nf6 3. c4 e6 4. b3 Be7 5. Bb2 O-O 6. Be2 b6 7. O-O Bb7 8. cxd5 exd5 9. d4 Nbd7 10. Nc3 a6 11. Bd3 Bd6 12. Ne2 Qe7 13. Ng3 g6 14. Rc1 Rfe8 15. Rc2 Ne4 16. Ne2 h5 17. Nf4 h4 18. Be2 g5 19. Nd3 f6 20. h3 Kg7 21. Nh2 Rac8 22. Bg4 Rcd8 23. Bf5 Nf8 24. Qh5 Qf7 25. Qg4 Ng6 26. Bc3 a5 27. Rd1 Bc8 28. Be1 Bxf5 29. Qxf5 Qe6 30. Qxe6 Rxe6 31. Nf1 f5 32. b4 axb4 33. Bxb4 Bxb4 34. Nxb4 Rd7 35. Nh2 Nf6 36. Rdc1 Ree7 37. Nc6 Re6 38. Nb8 Rd8 39. Rxc7+ Kh6 40. Nc6 Ra8 41. Rc2 g4 42. Nf1 f4 43. exf4 Nxf4 44. Ne3 gxh3 45. gxh3 Rg8+ 46. Kf1 Ne4 47. Ng4+ Rxg4 48. hxg4 h3 49. Rc8 Ng5 50. Rh8+ Nh7 51. f3 Re3 52. Kf2 h2 53. Rc1 Re2+ 54. Kg3 Rg2+ 55. Kxf4 Rg1 56. Ne7 h1=Q 57. Rxg1 Qxg1 58. Kf5 Qxd4 59. Rg8 Qd3+ 60. Ke6 Qe3+ 61. Kd7 Ng5 62. Rg6+ Kh7 63. Rf6 Nxf3 64. Rf7+ Kh6 65. Nf5+ Kg5 66. Nxe3 Ne5+ 67. Ke7 Nxf7 68. Kxf7 d4 69. Nd1 Kxg4 70. Ke6 Kf4 71. Kd5 d3 72. Kd4 d2 73. Kd3 Ke5 74. Kxd2 Kd4 75. Kc2 Kc4 76. Kb2 Kb4 77. Ne3 Ka4 78. Nd5 b5 79. a3 Ka5 80. Kb3 Ka6 81. Kb4 1-0

[Event "November 21 Late 2023"]
[Site "https://www.chess.com"]
[Date "2023.11.21"]
[Round "4"]
[White "Tologon tegin, Semetei"]
[Black "Ghasi, Ameet K"]
[Result "0-1"]
[Board "44"]
[TimeControl "180+1"]
[WhiteFideId "13800574"]
[BlackFideId "409200"]
[WhiteElo "2258"]
[BlackElo "2558"]
[WhiteTeam "KGZ"]
[BlackTeam "ENG"]
[WhiteClock "0:00:06"]
[BlackClock "0:00:05"]

1. d4 g6 2. c4 Bg7 3. Nc3 d6 4. e4 a6 5. h3 Nc6 6. Nf3 Nf6 7. Be3 O-O 8. Be2 e5 9. d5 Nb8 10. g4 Nbd7 11. Nd2 a5 12. g5 Ne8 13. h4 Nc5 14. h5 c6 15. Qc2 Bd7 16. O-O-O cxd5 17. cxd5 Rc8 18. Kb1 Nc7 19. Nc4 Nb5 20. Nxb5 Bxb5 21. f3 a4 22. Rc1 Re8 23. Qd1 Qd7 24. Qg1 Bxc4 25. Bxc4 b5 26. Be2 Bf8 27. Rh4 b4 28. Qh2 Rc7 29. Rh1 Re7 30. hxg6 fxg6 31. Qg1 b3 32. a3 Qc8 33. Qf1 Rf7 34. Qd1 Nd7 35. Bd3 Be7 36. Qe2 Nc5 37. Bb5 Qf8 38. R4h3 Qb8 39. Rc1 Rf8 40. Bxc5 dxc5 41. Bxa4 Bd6 42. Bc6 Qd8 43. Rg1 Qb8 44. Qd3 Qb6 45. Ba4 c4 46. Qd1 c3 47. Bxb3 cxb2 48. Ka2 Rb8 49. Rg2 Ra7 50. Rxb2 Rxa3+ 51. Kb1 Qa6 52. Kc2 Rc8+ 53. Kd2 Bb4+ 54. Ke3 Rc3+ 55. Kf2 Rcxb3 56. Rxb3 Ra2+ 57. Kg3 Qc4 58. Rxb4 Qxb4 59. Rh2 Ra3 60. Rf2 Qe7 61. Kg2 Qxg5+ 62. Kh1 Qh4+ 63. Rh2 Qd8 64. d6 Ra7 65. d7 Rxd7 66. Qb3+ Kg7 67. Re2 Rd1+ 68. Kg2 Qg5+ 69. Kf2 Qg1# 0-1

[Event "November 21 Late 2023"]
[Site "https://www.chess.com"]
[Date "2023.11.21"]
[Round "4"]
[White "BardArtem"]
[Black "Hajiyev, Kanan"]
[Result "0-1"]
[Board "45"]
[TimeControl "180+1"]
[BlackFideId "13404148"]
[WhiteElo "2796"]
[BlackElo "2102"]
[BlackTeam "AZE"]
[WhiteClock "0:00:01"]
[BlackClock "0:00:15"]

1. e4 c6 2. d4 d5 3. exd5 cxd5 4. Bd3 Nc6 5. c3 Qc7 6. h3 Nf6 7. Nf3 g6 8. O-O Bg7 9. Re1 O-O 10. Na3 Bf5 11. Bf1 a6 12. Nc2 Bxc2 13. Qxc2 b5 14. Bd3 Rfc8 15. Bg5 Nb4 16. cxb4 Qxc2 17. Bxc2 Rxc2 18. Rxe7 Ne4 19. Be3 Bf8 20. Rd7 Nf6 21. Rb7 Ne4 22. a4 bxa4 23. Rxa4 Rxb2 24. b5 Bd6 25. g3 a5 26. Ne5 Bxe5 27. dxe5 Nc3 28. Ra1 Rxb5 29. Rc7 d4 30. Bd2 Rb1+ 31. Rxb1 Nxb1 32. Bc1 a4 33. Bb2 d3 34. Kf1 a3 35. Ba1 Nd2+ 36. Kg2 Nb3 37. Bc3 a2 38. e6 fxe6 39. Rg7+ Kf8 40. Rxh7 Ra6 41. Rd7 d2 42. Rd3 a1=Q 43. Bxa1 Rxa1 44. Rf3+ Kg7 45. Rxb3 d1=Q 46. Rb7+ Kf6 47. h4 Qh1# 0-1

[Event "November 21 Late 2023"]
[Site "https://www.chess.com"]
[Date "2023.11.21"]
[Round "4"]
[White "Arifarsky"]
[Black "Petukhov, Dmitry"]
[Result "0-1"]
[Board "46"]
[TimeControl "180+1"]
[BlackFideId "4142748"]
[WhiteElo "2777"]
[BlackElo "2269"]
[BlackTeam "RUS"]
[WhiteClock "0:00:24"]
[BlackClock "0:00:45"]

1. Nf3 Nf6 2. b3 a5 3. Bb2 a4 4. e3 e6 5. Be2 a3 6. Bc1 b6 7. O-O Bb7 8. c4 d5 9. Nc3 dxc4 10. Bxc4 Be7 11. d4 O-O 12. Bd2 c5 13. Rc1 Nc6 14. dxc5 Bxc5 15. Qe2 Nb4 16. Rfd1 Qe7 17. Be1 Rfd8 18. Rxd8+ Rxd8 19. Na4 Bxf3 20. gxf3 Nfd5 21. Kh1 Bd6 22. f4 Qb7 23. Kg1 b5 24. Bxb5 Nxa2 25. Ra1 Nab4 26. Bc4 h6 27. Rxa3 Bxf4 28. Qf3 Nc2 29. Bxd5 exd5 30. Ra2 Nxe1 31. Qxf4 d4 32. Kf1 Nf3 33. Nc5 Qb5+ 34. Kg2 Ne1+ 0-1